 Dungeon Crawl Stone Soup version 0.23.2-33-g5129a83184 (webtiles) character file.

Game seed: 18277656952784751832

2304 doot the Magician (level 9, -8/69 HPs)
             Began as a Gnoll Skald on July 24, 2019.
             Was a Believer of Sif Muna.
             Mangled by a hornet (9 damage)
             ... while paralysed by a hornet
             ... on level 8 of the Dungeon.
             The game lasted 00:15:17 (5929 turns).

doot the Magician (Gnoll Skald)                     Turns: 5929, Time: 00:15:18

Health: -8/69      AC:  6    Str: 13    XL:     9   Next: 40%
Magic:  10/18      EV:  2    Int: 17    God:    Sif Muna [**....]
Gold:   141        SH:  0    Dex: 15    Spells: 10/21 levels left

rFire    . . .     SeeInvis .   E - +13 scythe of Curses {drain, *Curse} (curse)
rCold    . . .     Gourm    .   (shield currently unavailable)
rNeg     . . .     Faith    .   w - +0 ring mail {rPois} (curse)
rPois    +         Spirit   .   (no helmet)
rElec    .         Reflect  .   (no cloak)
rCorr    .         Harm     .   (no gloves)
MR       .....                  (no boots)
Stlth    ++........             D - amulet of rage (curse)
HPRegen  0.21/turn              i - ring of wizardry (curse)
MPRegen  0.16/turn              C - -2 ring of intelligence (curse)

@: paralysed, lethally poisoned (-8 -> -11), infused, singing, slowed
A: distributed training, fangs 1, strong nose
a: Divine Energy, Renounce Religion, Evoke Berserk Rage


You were on level 8 of the Dungeon.
You worshipped Sif Muna.
Sif Muna was pleased with you.
You were not hungry.

You visited 2 branches of the dungeon, and saw 9 of its levels.

You collected 401 gold pieces.
You spent 260 gold pieces at shops.

Inventory:

Hand Weapons
 a - a cursed +4 shortbow
 b - the cursed +6 war axe of the Extremely Mad {vamp, +Inv Int+5}
   (You found it on level 4 of the Dungeon)

   It inflicts no extra harm, but heals its wielder when it wounds a living foe.
   It affects your intelligence (+5).
   It lets you turn invisible.
   It has a curse placed upon it.
 x - a +3 dire flail of holy wrath
 A - a cursed +0 spear
 E - the cursed +13 scythe of Curses (weapon) {drain, *Curse}
   (You found it on level 6 of the Dungeon)

   A truly terrible weapon, it drains the life of those it strikes.
   It curses itself when equipped.
   It has a curse placed upon it.
Missiles
 B - 43 arrows
Armour
 p - a cursed +0 leather armour
 w - a cursed +0 ring mail of poison resistance (worn)
 y - a cursed +0 robe
Jewellery
 i - a cursed ring of wizardry (left hand)
 C - a cursed -2 ring of intelligence (right hand)
 D - a cursed amulet of rage (around neck)
Wands
 h - a wand of enslavement (7)
 z - a wand of polymorph (10)
 H - a wand of iceblast (6)
Scrolls
 e - 2 scrolls of fear
 j - 2 scrolls of remove curse
 l - 2 scrolls of immolation {unknown}
 n - a scroll of amnesia {unknown}
 o - 2 scrolls of fog
 u - 2 scrolls of teleportation {unknown}
 v - a scroll of noise {unknown}
Potions
 c - 2 potions of lignification
 f - 4 potions of heal wounds
 g - 2 potions of curing
 k - 2 potions of ambrosia
 m - 2 potions of might
 q - a potion of mutation
 r - 2 potions of agility
 s - 2 potions of cancellation
 t - 3 potions of degeneration
 F - a potion of resistance {unknown}
 G - a potion of haste
Comestibles
 d - 10 rations
 I - 5 chunks of flesh


   Skills:
 + Level 6.2 Fighting
 + Level 4.1 Short Blades
 + Level 4.1 Long Blades
 + Level 4.1 Axes
 + Level 4.1 Maces & Flails
 + Level 6.2 Polearms
 + Level 4.1 Staves
 + Level 4.1 Slings
 + Level 4.1 Bows
 + Level 4.1 Crossbows
 + Level 4.1 Throwing
 + Level 4.9 Armour
 + Level 6.2 Dodging
 + Level 4.1 Stealth
 + Level 4.1 Shields
 + Level 4.1 Unarmed Combat
 + Level 6.5 Spellcasting
 + Level 3.4 Conjurations
 + Level 3.4 Hexes
 + Level 6.5 Charms
 + Level 3.4 Summonings
 + Level 3.4 Necromancy
 + Level 3.4 Translocations
 + Level 3.4 Transmutations
 + Level 3.4 Fire Magic
 + Level 3.4 Ice Magic
 + Level 3.4 Air Magic
 + Level 3.4 Earth Magic
 + Level 3.4 Poison Magic
 + Level 4.5 Invocations
 + Level 4.1 Evocations


You had 10 spell levels left.
You knew the following spells:

 Your Spells              Type           Power        Failure   Level  Hunger
a - Infusion              Chrm           ####         1%          1    None
b - Song of Slaying       Chrm           ####....     1%          2    None
c - Shroud of Golubria    Chrm/Tloc      ###.......   1%          2    None
d - Spectral Weapon       Hex/Chrm       ###.....     4%          3    ##.....
e - Regeneration          Chrm/Necr      ###.......   4%          3    ##.....

Your spell library contained the following spells:

 Spells                   Type           Power        Failure   Level  Hunger
 Beastly Appendage        Tmut           ###...       2%          1    None
 Sticks to Snakes         Tmut           ###.....     3%          2    None
 Spider Form              Tmut/Pois      ###.......   8%          3    ##.....
 Ice Form                 Ice/Tmut       ###.....     24%         4    ####...
 Blade Hands              Tmut           ###.......   52%         5    #####..


Dungeon Overview and Level Annotations

Branches:
Dungeon (8/15)             Temple (1/1) D:4
   Lair: D:8-11

Altars:
Ashenzari
Dithmenos
Elyvilon
Fedhas
Gozag
Kikubaaqudgha
Nemelex Xobeh
Okawaru
Qazlal
Ru
Sif Muna
Trog
Uskayaw
Vehumet
Xom
The Shining One

Shops:
D:4 %   D:7 !

Annotations:
D:3 3 runed translucent doors, Frank's ghost, amateur DgGl
D:6 Menkaure


Innate Abilities, Weirdness & Mutations

Your experience applies equally to all skills.
You have very sharp teeth.
Your uncanny sense of smell can sniff out nearby items.


Message History

The hornet stings you! x2
You are poisoned.
You feel yourself slow down.
Your shroud falls apart!
You closely miss the hornet.
The hornet is severely wounded.
You feel sick. The hornet closely misses you. The hornet completely misses you.
The hornet closely misses you. The hornet stings you.
Unknown command.
You slash the hornet!
The hornet is almost dead.
You feel yourself speed up.
You feel sick. The hornet stings you!
* * * LOW HITPOINT WARNING * * *
You suddenly lose the ability to move!
The hornet stings you!
* * * LOW HITPOINT WARNING * * *
The hornet stings you.
* * * LOW HITPOINT WARNING * * *
You feel yourself slow down. The hornet stings you!
You die...

####### ## #.....# #.
#.....# .#
#.....###y###
#.......@...#
#...........#
∆###)###......#
##.....##.....#
#.8...8.#.....#
#######.......#.....#
.........._.....#####
......#.......###
......#.8...8.#


You could see a hornet.

Vanquished Creatures
  A hippogriff (D:8)
  Edmund (D:5)
  A soldier ant (D:8)
  A water moccasin (D:7)
  2 sky beasts (D:7)
  3 ogres
  2 centaurs (D:6)
  2 bullfrogs (D:7)
  4 wights (D:7)
  2 howler monkeys (D:4)
  2 crimson imps
  5 hounds
  3 orc wizards
  2 jellies (D:5)
  A bullfrog skeleton (D:7)
  An iguana (D:3)
  Natasha (thrice) (D:2)
  A statue (D:4)
  5 worker ants
  A hound zombie (D:6)
  A hound skeleton (D:4)
  A worker ant zombie (D:5)
  4 adders
  A shadow imp (D:6)
  2 oozes
  An adder zombie (D:5)
  8 worms
  2 dart slugs (D:1)
  3 leopard geckos
  15 orcs
  4 ball pythons
  4 giant cockroaches
  3 hobgoblins
  10 jackals
  4 quokkas
  8 bats
  2 frilled lizards (D:1)
  4 goblins
  10 kobolds
  A quokka skeleton (D:5)
  9 rats
140 creatures vanquished.

Vanquished Creatures (others)
  A bullfrog (D:7)
  2 kobolds (D:7)
3 creatures vanquished.

Grand Total: 143 creatures vanquished

Notes
Turn   | Place    | Note
-------+----------+-------------------------------------------
     0 | D:1      | doot the Gnoll Skald began the quest for the Orb.
     0 | D:1      | Reached XP level 1. HP: 20/20 MP: 6/6
   238 | D:1      | Reached XP level 2. HP: 26/26 MP: 4/7
   242 | D:1      | Learned a level 2 spell: Song of Slaying
   245 | D:1      | Learned a level 2 spell: Shroud of Golubria
   444 | D:1      | Reached XP level 3. HP: 21/31 MP: 1/9
   585 | D:1      | Reached skill level 5 in Spellcasting
   964 | D:2      | Noticed Natasha
   985 | D:2      | Killed Natasha
   985 | D:2      | Reached skill level 1 in Short Blades
   985 | D:2      | Reached skill level 1 in Long Blades
   985 | D:2      | Reached skill level 1 in Axes
   985 | D:2      | Reached skill level 1 in Maces & Flails
   985 | D:2      | Reached skill level 1 in Staves
   985 | D:2      | Reached skill level 1 in Slings
   985 | D:2      | Reached skill level 1 in Bows
   985 | D:2      | Reached skill level 1 in Crossbows
   985 | D:2      | Reached skill level 1 in Throwing
   985 | D:2      | Reached skill level 1 in Stealth
   985 | D:2      | Reached skill level 1 in Shields
   985 | D:2      | Reached skill level 1 in Unarmed Combat
   985 | D:2      | Reached skill level 1 in Invocations
   985 | D:2      | Reached skill level 1 in Evocations
   985 | D:2      | Reached XP level 4. HP: 20/38 MP: 2/11
   992 | D:2      | Noticed Natasha
  1331 | D:2      | Learned a level 3 spell: Spectral Weapon
  1339 | D:2      | Killed Natasha
  1339 | D:2      | Reached skill level 1 in Conjurations
  1339 | D:2      | Reached skill level 1 in Hexes
  1339 | D:2      | Reached skill level 1 in Summonings
  1339 | D:2      | Reached skill level 1 in Necromancy
  1339 | D:2      | Reached skill level 1 in Translocations
  1339 | D:2      | Reached skill level 1 in Transmutations
  1339 | D:2      | Reached skill level 1 in Fire Magic
  1339 | D:2      | Reached skill level 1 in Ice Magic
  1339 | D:2      | Reached skill level 1 in Air Magic
  1339 | D:2      | Reached skill level 1 in Earth Magic
  1339 | D:2      | Reached skill level 1 in Poison Magic
  1372 | D:2      | Noticed Natasha
  1379 | D:2      | Killed Natasha
  1379 | D:2      | Reached XP level 5. HP: 27/43 MP: 5/12
  1429 | D:2      | Noticed a moth of wrath
  1432 | D:2      | Found a bloodstained altar of Trog.
  1909 | D:3      | Learned a level 3 spell: Regeneration
  2515 | D:3      | Reached XP level 6. HP: 44/50 MP: 8/13
  2574 | D:3      | Found a runed translucent gate.
  2576 | D:3      | Found a runed translucent gate.
  2577 | D:3      | Found a runed translucent gate.
  2579 | D:3      | Noticed Frank's ghost (amateur DgGl)
  2886 | D:4      | Got an ancient war axe
  2902 | D:4      | Found a staircase to the Ecumenical Temple.
  2915 | Temple   | Entered the Ecumenical Temple
  2986 | Temple   | Became a worshipper of Sif Muna the Loreminder
  3021 | D:4      | Identified the +6 war axe of the Extremely Mad {vamp, +Inv
                  | Int+5} (You found it on level 4 of the Dungeon)
  3064 | D:4      | Found an iron altar of Okawaru.
  3068 | D:4      | Reached skill level 5 in Fighting
  3068 | D:4      | Reached skill level 5 in Polearms
  3068 | D:4      | Reached skill level 5 in Dodging
  3261 | D:4      | Found Foesy's Food Shoppe.
  3297 | D:4      | Found a sacrificial altar of Ru.
  3305 | D:4      | Reached XP level 7. HP: 54/56 MP: 8/15
  3464 | D:4      | Found a radiant altar of Vehumet.
  3781 | D:5      | Entered Level 5 of the Dungeon
  4255 | D:5      | Noticed Edmund
  4264 | D:5      | Killed Edmund
  4264 | D:5      | Reached * piety under Sif Muna
  4264 | D:5      | Reached XP level 8. HP: 40/63 MP: 4/16
  4769 | D:6      | Noticed Menkaure
  4852 | D:6      | Found a shadowy altar of Dithmenos.
  4929 | D:6      | Found the cursed +13 scythe of Curses {drain, *Curse}
  5079 | D:6      | Found a shattered altar of Ashenzari.
  5080 | D:6      | Found a glowing golden altar of the Shining One.
  5206 | D:7      | Found Ciqaog's Distillery.
  5209 | D:7      | Bought 2 potions of heal wounds for 130 gold pieces
  5209 | D:7      | Bought a potion of haste for 130 gold pieces
  5402 | D:7      | Found an opulent altar of Gozag.
  5545 | D:7      | Reached XP level 9. HP: 62/69 MP: 14/18
  5766 | D:7      | Reached ** piety under Sif Muna
  5878 | D:8      | Found an opulent altar of Gozag.
  5921 | D:8      | Noticed a hornet
  5929 | D:8      | Paralysed by a hornet for 1 turns
  5929 | D:8      | HP: 1/69 [hornet (3)]
  5929 | D:8      | Mangled by a hornet

Skill      XL: |  1  2  3  4  5  6  7  8  9 |
---------------+----------------------------+-----
Spellcasting   | 5 6 |  6.5
Short Blades   | 1 2 3 4 |  4.1
Long Blades    | 1 2 3 4 |  4.1
Axes           | 1 2 3 4 |  4.1
Maces & Flails | 1 2 3 4 |  4.1
Staves         | 1 2 3 4 |  4.1
Slings         | 1 2 3 4 |  4.1
Bows           | 1 2 3 4 |  4.1
Crossbows      | 1 2 3 4 |  4.1
Throwing       | 1 2 3 4 |  4.1
Stealth        | 1 2 3 4 |  4.1
Shields        | 1 2 3 4 |  4.1
Unarmed Combat | 1 2 3 4 |  4.1
Invocations    | 1 2 3 4 |  4.5
Evocations     | 1 2 3 4 |  4.1
Conjurations   | 1 2 3 |  3.4
Hexes          | 1 2 3 |  3.4
Summonings     | 1 2 3 |  3.4
Necromancy     | 1 2 3 |  3.4
Translocations | 1 2 3 |  3.4
Transmutations | 1 2 3 |  3.4
Fire Magic     | 1 2 3 |  3.4
Ice Magic      | 1 2 3 |  3.4
Air Magic      | 1 2 3 |  3.4
Earth Magic    | 1 2 3 |  3.4
Poison Magic   | 1 2 3 |  3.4
Armour         | 3 4 |  4.9
Fighting       | 5 6 |  6.2
Polearms       | 5 6 |  6.2
Dodging        | 5 6 |  6.2
Charms         | 6 |  6.5

Action                   |  1- 3 |  4- 6 |  7- 9 || total
-------------------------+-------+-------+-------++-------
Melee: Spear             |    96 |   131 |       ||   227
       Bite              |     6 |    10 |     8 ||    24
       Punch             |       |     3 |       ||     3
       War axe           |       |    30 |    86 ||   116
       Scythe            |       |       |    56 ||    56
 Cast: Infusion          |    13 |    25 |    21 ||    59
       Shroud of Golubri |     1 |     1 |     3 ||     5
       Song of Slaying   |       |     6 |     7 ||    13
       Spectral Weapon   |       |     2 |       ||     2
       Regeneration      |       |       |     1 ||     1
 Abil: Evoke Invisibilit |       |       |     1 ||     1
  Use: Potion            |     2 |       |       ||     2
       Scroll            |       |       |    12 ||    12
 Stab: Sleeping          |     2 |     2 |     3 ||     7
       Invisible         |       |       |     1 ||     1
       Distracted        |       |       |     1 ||     1
  Eat: Chunk             |       |     7 |     4 ||    11
       Ration            |       |     2 |     1 ||     3
Armor: Leather armour    |    17 |    20 |    10 ||    47
       Ring mail         |       |       |    22 ||    22
       Robe              |       |       |     2 ||     2
Dodge: Dodged            |    70 |    86 |   100 ||   256
